Map: Persephone LE

Players

Martinz - Winner!

  • Race: Protoss Protoss
  • League: Gold
  • Spawn Location: 7:00

ManlyManMeat

  • Race: Protoss Protoss
  • Spawn Location: 11:00

VOD

Have the link to the VOD?

Description

Time

  • Played on: May 14, 2025, 8:02 a.m.
  • Length: 12:21
Show
View Real Time Build Order
Export as new Build Order

Martinz Protoss - Winner!

Build Orders: Carriers 

Get SALT Encoding   

  12  0:02  Probe  
  13  0:15  Pylon  
  13  0:16  Probe  
  14  0:24  Probe  
  15  0:30  Assimilator  
  15  0:33  Probe  
  16  0:45  Probe  
  16  0:47  Assimilator  
  17  0:57  Probe  
  18  1:10  Probe  
  19  1:11  Gateway  
  19  1:15  Assimilator  
  19  1:26  Probe  
  20  1:34  Probe  
  21  1:43  Gateway  
  21  1:44  Probe  
  22  1:57  Probe  
  23  2:09  Cybernetics Core  
  23  2:24  Nexus  
  23  2:38  Pylon  
  23  2:41  Pylon  
  23  2:50  Stalker x2  
  23  2:57  Probe  
  28  3:09  Assimilator, Probe  
  29  3:14  Sentry  
  29  3:15  Sentry  
  29  3:21  Assimilator, Probe  
  34  3:41  Probe x2  
  36  3:53  Probe  
  37  4:27  Probe x2  
  39  4:39  Probe x2  
  41  4:51  Probe x2  
  43  5:03  Probe  
  40  5:19  Stargate  
  40  5:21  Stargate  
  40  5:25  Stargate  
  40  5:27  Probe x2  
  42  5:39  Probe, Stargate  
  42  5:40  Probe, Nexus  
  44  5:43  Stalker  
  44  5:44  Stalker  
  44  5:45  Pylon  
  48  5:51  Probe  
  48  5:52  Probe  
  48  5:53  Shield Battery  
  48  5:55  Shield Battery  
  50  6:04  Probe  
  51  6:11  Fleet Beacon  
  51  6:20  Protoss Air Weapons Level 1  
  51  6:22  Probe x2  
  53  6:26  Oracle x3  
  62  6:35  Pylon  
  62  6:37  Pylon  
  62  6:48  Assimilator  
  62  6:51  Oracle, Probe x2  
  62  6:52  Assimilator  
  67  7:03  Probe x2  
  69  7:13  Cybernetics Core  
  69  7:15  Probe x2  
  71  7:25  Probe  
  71  7:27  Probe x2  
  74  7:37  Probe  
  74  7:39  Carrier x2  
  74  7:40  Probe  
  88  7:48  Pylon x2  
  88  7:50  Pylon  
  88  7:52  Pylon  
  88  8:06  Carrier x2  
  97  8:43  Carrier  
  97  8:44  Carrier  
  109  8:56  Protoss Air Armor Level 1  
  109  8:57  Protoss Air Weapons Level 2  
  109  9:03  Nexus  
  109  9:04  Pylon  
  109  9:08  Pylon  
  109  9:11  Pylon  
  109  9:14  Carrier  
  109  9:16  Carrier  
  121  9:22  Stargate  
  121  9:30  Assimilator  
  121  9:36  Assimilator  
  121  9:55  Carrier x2  
  133  10:47  Probe x3  
  133  10:48  Probe  
  137  10:51  Carrier x2  
  149  10:59  Probe x2, Carrier x2  
  149  11:00  Probe  
  164  11:08  Pylon  
  164  11:09  Pylon  
  164  11:11  Pylon  
  164  11:13  Pylon  
  164  11:26  Probe x2  
  166  11:33  Probe x2  
  166  11:38  Probe  
  169  11:43  Probe  
  169  11:45  Probe  
Show
View Real Time Build Order
Export as new Build Order

ManlyManMeat Protoss 

Build Orders: 1 Gate Expand 

Get SALT Encoding   

  12  0:01  Probe  
  13  0:15  Probe  
  13  0:16  Pylon  
  14  0:23  Probe  
  15  0:38  Gateway  
  15  0:46  Probe  
  16  0:52  Assimilator  
  16  0:58  Probe  
  17  1:10  Probe  
  18  1:22  Probe  
  19  1:26  Pylon  
  19  1:27  Zealot  
  21  1:43  Nexus  
  21  1:54  Zealot  
  23  2:02  Cybernetics Core  
  23  2:11  Pylon  
  23  2:25  Forge  
  23  2:28  Warp Gate, Zealot  
  25  2:34  Assimilator  
  25  2:35  Probe  
  26  2:43  Probe  
  27  2:52  Probe  
  27  2:55  Probe, Zealot  
  30  3:00  Probe  
  32  3:07  Probe  
  32  3:09  Probe  
  34  3:19  Probe  
  35  3:20  Robotics Facility  
  35  3:25  Robotics Facility  
  35  3:26  Probe  
  35  3:31  Probe  
  39  3:51  Stalker  
  39  4:00  Photon Cannon  
  39  4:02  Shield Battery  
  39  4:14  Gateway  
  39  4:16  Gateway  
  39  4:28  Probe x2  
  39  4:45  Stalker  
  41  4:48  Probe  
  41  4:49  Probe  
  43  4:58  Immortal x2  
  43  5:00  Probe  
  43  5:01  Probe  
  43  5:05  Protoss Shields Level 1  
  45  5:12  Probe  
  54  5:15  Assimilator  
  54  5:17  Assimilator  
  54  5:31  Stargate  
  54  5:33  Pylon  
  54  5:40  Pylon  
  54  5:51  Probe, Immortal  
  54  5:55  Probe  
  60  5:57  Gateway x2  
  60  6:00  Pylon  
  60  6:03  Probe  
  61  6:07  Probe  
  61  6:10  Zealot x2  
  66  6:11  Zealot  
  66  6:15  Probe  
  69  6:28  Robotics Bay  
  69  6:30  Phoenix  
  71  6:54  Pylon  
  71  6:55  Phoenix  
  71  6:57  Photon Cannon  
  71  6:59  Protoss Ground Weapons Level 1  
  73  7:05  Pylon  
  73  7:07  Pylon  
  73  7:16  Nexus  
  73  7:21  Phoenix  
  75  7:26  Immortal x2  
  83  7:36  Sentry x2  
  87  7:46  Assimilator  
  87  7:48  Probe  
  87  7:50  Probe  
  89  8:00  Probe  
  89  8:03  Zealot x5  
  89  8:05  Observer x2  
  95  8:31  Probe x3  
  95  8:34  Stalker x5  
  102  8:37  Immortal  
  112  8:43  Probe x3  
  115  8:55  Probe x2  
  117  8:56  Pylon  
  117  8:57  Pylon  
  117  9:00  Pylon  
  117  9:03  Pylon  
  117  9:08  Observer x2  
  117  9:14  Probe x2  
  117  9:16  Probe  
  120  9:26  Probe x2  
  118  9:39  Phoenix  
  120  9:59  Stargate  
  120  10:01  Stargate  
  120  10:06  Stargate  
  120  10:13  Protoss Ground Armor Level 1  
  120  10:32  Assimilator  
  120  10:33  Pylon  
  120  10:35  Pylon  
  120  10:37  Robotics Bay  
  120  10:40  Twilight Council  
  120  10:42  Forge  
  120  10:43  Forge  
  120  11:03  Stalker x3  
  126  11:04  Stalker x2  
  126  11:07  Phoenix, Immortal x2  
  126  11:08  Phoenix x3  
  146  11:35  Phoenix x2  
Tags
 
Composition
Carriers
League
Gold
Matchup
PvP
Spawn Locations
Close Positions
Add a new tag
Caveats
  • Supply blocks, unpowered buildings, or Contaminate may cause inaccurate times.
  • Supply counts are checked every 10 seconds.